 Dungeon Crawl Stone Soup version 0.31.0-11-ge490571c62 (webtiles) character file.

Game seed: 705458955365900241

5995 Gadfly the Insei (level 10, -4/77 HPs)
             Began as a Demonspawn Monk on Jan 29, 2024.
             Was an Initiate of Ru.
             Killed from afar by a raiju (22 damage)
             ... with a living lightning
             ... on level 8 of the Dungeon.
             The game lasted 00:14:07 (8675 turns).

Gadfly the Insei (Demonspawn Monk)                  Turns: 8675, Time: 00:14:07

Health: -4/77      AC:  7    Str: 21    XL:     10   Next: 55%
Magic:  10/10      EV: 17    Int: 10    God:    Ru [......]
Gold:   378        SH:  0    Dex: 23    Spells: 9/9 levels left

rFire   . .          .
                       - Unarmed
rCold   . . .        (no shield)
rNeg    . . .        w - +0 steam dragon scales
rPois   .            (helmet restricted)
rElec   .            (no cloak)
rCorr   .            (no gloves)
SInv    .            s - +0 pair of boots
Will    .....        (no amulet)
Stlth   ++           v - +6 ring of dexterity
HPRegen 0.32/turn    j - +6 ring of strength
MPRegen 0.12/turn

%: no passive effects
@: no status effects
A: claws 2, demonic guardian 1, disrupted magic 1, sharp scales 1, horns 1, wild
magic 1
a: Renounce Religion


You were on level 8 of the Dungeon.
You worshipped Ru.
Ru was noncommittal.
You visited 2 branches of the dungeon, and saw 9 of its levels.

You collected 471 gold pieces.
You spent 93 gold pieces at shops.

Inventory:

Hand Weapons
 b - the +10 hand axe "Kofethrer" {elec, Fly rC+ Dex+2}
   (You found it on level 4 of the Dungeon)

   Dex+2:     It affects your dexterity (+2).
   rC+:       It protects you from cold.
   Fly:       It grants you flight.
Armour
 c - an orb of light
 e - a +1 cloak of preservation
 s - a +0 pair of boots (worn)
 w - +0 steam dragon scales (worn)
Jewellery
 g - a ring of positive energy
 j - a +6 ring of strength (right claw)
 v - a +6 ring of dexterity (left claw)
Talismans
 h - a storm talisman
Wands
 d - a wand of paralysis (4)
 p - a wand of mindburst (3) (quivered)
 t - a wand of acid (8)
Scrolls
 l - 2 scrolls of fear
 m - 2 scrolls of fog
 n - a scroll of enchant weapon
 q - 4 scrolls of teleportation
Potions
 f - a potion of ambrosia
 i - a potion of curing
 k - a potion of lignification
 o - a potion of enlightenment
 r - a potion of cancellation


   Skills:
 + Level 6.5 Fighting
 * Level 6.7 Dodging
 * Level 7.8 Unarmed Combat
 + Level 6.9 Evocations
 * Level 6.6 Shapeshifting


You had 9 spell levels left.
You didn't know any spells.
Your spell library contained the following spells:

 Spells                   Type           Power      Damage    Failure   Level
 Magic Dart               Conj           0%         1d3       54%         1
 Leda's Liquefaction      Alch/Erth      0%         N/A       99%         4
 Lee's Rapid Deconstruct  Erth           0%         3d4*      100%        5
 Bombard                  Conj/Erth      0%         9d1       100%        6


Dungeon Overview and Level Annotations

Branches:
Dungeon (8/15)             Temple (1/1) D:6
   Lair: D:8-11

Altars:
Ashenzari
Cheibriados
Fedhas
Gozag
Hepliaklqana
Kikubaaqudgha
Nemelex Xobeh
Okawaru
Ru
Sif Muna
Trog
Vehumet
Wu Jian
Xom
Yredelemnul

Shops:
D:2 !   D:4 *!:[   D:6 *   D:7 :


Innate Abilities, Weirdness & Mutations

You have very sharp fingernails.
A weak demonic guardian rushes to your aid.
Your casting is slightly disrupted.
You are partially covered in razor-sharp scales. (AC +1, Slay +1)
You have a pair of small horns on your head.
Your spells are a little harder to cast, but a little more powerful.


Message History

The raiju bites you. The raiju shocks you!
You claw the raiju!
The raiju is heavily wounded.
The raiju bites you but does no damage.
You scratch the raiju but do no damage. Your headbutt misses the raiju.
Your claw misses the raiju.
The raiju is heavily wounded.
Your iron imp hits the raiju.
The raiju bites you! The raiju shocks you!
You scratch the raiju but do no damage.
The raiju is severely wounded.
The raiju barely misses you.
Your iron imp completely misses the raiju.
You claw the raiju!
The raiju is almost dead.
The raiju bites you but does no damage.
The raiju bursts into living lightning!
The living lightning misses you.
The raiju blinks!
Unknown command.
You claw the raiju!
You kill the raiju!
Your iron imp hits the raiju.
The raiju bites you but does no damage.
Your iron imp misses the raiju.
The electric eel shoots out a bolt of lightning at you!
The bolt of electricity hits your iron imp.
Your iron imp resists.
The bolt of electricity hits you!
* * * LOW HITPOINT WARNING * * *
A demonic guardian appears!
You see here a raiju corpse.
The electric eel shoots out a bolt of lightning at you!
The bolt of electricity hits your iron imp.
Your iron imp resists.
The bolt of electricity hits you.
* * * LOW HITPOINT WARNING * * *
You swap places.
The raiju bursts into living lightning!
The living lightning hits your rust devil.
Your rust devil resists.
The living lightning hits you!!
You die...

#. #........##..#..###...<.
##. #...........####.......#
#...###............# #.......#
##...#.........#....#
#.......#
#.......###.........#
...#....# ##...#.##
.....#...## #########
##...)####...###### ##~~≈≈
#.....##..##########~≈≈h.~
#.....##........@4h.##≈~~.....
#....# #....#...###.5#~.......
#..####.......####........~~.
##..........##..........≈~≈S≈
#......#.#.....##....S~~####
#.....#.##.######.#≈≈###
##...........####.####
###.........##...#####
###....##.............


You could see a raiju (ally target), a friendly rust devil (summoned) and a
friendly iron imp (summoned).

Vanquished Creatures
  A two-headed ogre (D:8)
  Maurice (D:7)
  Joseph (D:7)
  A gargoyle (D:8)
  Grinder (D:3)
  A raiju (D:8)
  4 slime creatures (D:7)
  A yak (D:6)
  3 steam dragons
  Menkaure (D:7)
  An acid dragon (D:8)
  An ice beast (D:6)
  2 black bears
  A sky beast (D:6)
  2 ogres (D:5)
  2 centaurs
  A bullfrog (D:7)
  2 gnoll sergeants (D:7)
  2 scorpions
  6 killer bees (D:7)
  5 howler monkeys (D:7)
  2 electric eels (D:6)
  2 bombardier beetles
  5 jellies
  2 hounds
  4 orc priests
  A gnoll bouda (D:6)
  3 iguanas
  A sleepcap (D:6)
  3 orc wizards
  Natasha (thrice) (D:2)
  15 gnolls
  7 adders
  A shadow imp (D:6)
  A white imp (D:8)
  4 ufetubi (D:6)
  3 dart slugs
  3 ribbon worms
  31 orcs
  4 ball pythons
  7 endoplasms
  6 giant cockroaches
  6 goblins (D:2)
  11 hobgoblins
  A quokka (D:2)
  3 bats
  8 frilled lizards
  9 kobolds
  3 rats
189 creatures vanquished.

Notes
Turn   | Place    | Note
-------+----------+-------------------------------------------
     0 | D:1      | Gadfly the Demonspawn Monk began the quest for the Orb.
     0 | D:1      | Reached XP level 1. HP: 18/18 MP: 1/1
   347 | D:1      | Gained mutation: You have sharp fingernails. [demonic
                  | ancestry]
   347 | D:1      | Reached XP level 2. HP: 24/24 MP: 2/2
   602 | D:1      | Reached skill level 1 in Evocations
   880 | D:2      | Reached skill level 3 in Unarmed Combat
   901 | D:2      | Reached XP level 3. HP: 29/29 MP: 3/3
  1046 | D:2      | Noticed Natasha
  1055 | D:2      | Killed Natasha
  1056 | D:2      | Reached skill level 1 in Shapeshifting
  1249 | D:2      | Gained mutation: You are partially covered in razor-sharp
                  | scales. (AC +1, Slay +1) [demonic ancestry]
  1249 | D:2      | Reached XP level 4. HP: 35/35 MP: 4/4
  1305 | D:2      | Found a faded altar of an unknown god.
  1374 | D:2      | Found Kuschitawn's Distillery.
  1379 | D:2      | Bought 2 potions of degeneration for 28 gold pieces
  1384 | D:2      | Identified the +11 plate armour of Recklessness {MP+9}
  1653 | D:2      | Noticed Natasha
  1668 | D:2      | Killed Natasha
  2084 | D:2      | Noticed Natasha
  2095 | D:2      | Killed Natasha
  2144 | D:3      | Gained mutation: You have very sharp fingernails. [demonic
                  | ancestry]
  2144 | D:3      | Reached XP level 5. HP: 19/41 MP: 5/5
  2371 | D:3      | Found a sparkling altar of Nemelex Xobeh.
  2572 | D:3      | Found a snail-covered altar of Cheibriados.
  2575 | D:3      | Found a broken altar of Ashenzari.
  2677 | D:3      | Noticed Grinder
  2687 | D:3      | Paralysed by Grinder for 3 turns
  2692 | D:3      | Killed Grinder
  2693 | D:3      | Reached skill level 4 in Unarmed Combat
  2693 | D:3      | Reached XP level 6. HP: 22/48 MP: 6/6
  3681 | D:4      | Found Ytunguzi's Armour Shop.
  3681 | D:4      | Found Iriskec's Book Emporium.
  3685 | D:4      | Found Ximiu's Distillery.
  3685 | D:4      | Found Itiniah's General Store.
  3801 | D:4      | Found a shimmering altar of Xom.
  3914 | D:4      | Reached XP level 7. HP: 50/53 MP: 7/7
  4023 | D:4      | Identified the +10 hand axe "Kofethrer" {elec, Fly rC+
                  | Dex+2}
  4085 | D:4      | Bought a potion of heal wounds for 65 gold pieces
  4113 | D:5      | Entered Level 5 of the Dungeon
  4226 | D:5      | Found an opulent altar of Gozag.
  4843 | D:5      | Gained mutation: You are vulnerable to heat. (rF-) [potion
                  | of mutation]
  4843 | D:5      | Gained mutation: You are occasionally teleported next to
                  | monsters. [potion of mutation]
  4843 | D:5      | Gained mutation: You are dopey. (Int -2) [potion of
                  | mutation]
  4844 | D:5      | Lost mutation: You are vulnerable to heat. (rF-) [potion of
                  | mutation]
  4844 | D:5      | Lost mutation: You are dopey. (Int -2) [potion of mutation]
  4844 | D:5      | Lost mutation: You are occasionally teleported next to
                  | monsters. [potion of mutation]
  4844 | D:5      | Gained mutation: You have a pair of small horns on your
                  | head. [potion of mutation]
  4844 | D:5      | Gained mutation: Your spells are a little harder to cast,
                  | but a little more powerful. [potion of mutation]
  4993 | D:6      | Gained mutation: A weak demonic guardian rushes to your
                  | aid. [demonic ancestry]
  4993 | D:6      | Reached XP level 8. HP: 57/61 MP: 8/8
  5066 | D:6      | Reached skill level 5 in Unarmed Combat
  5204 | D:6      | Reached skill level 5 in Evocations
  5728 | D:6      | Reached skill level 5 in Fighting
  5809 | D:6      | Found Fyxuru's General Store.
  5870 | D:6      | Found a staircase to the Ecumenical Temple.
  6060 | Temple   | Entered the Ecumenical Temple
  6216 | D:7      | Reached XP level 9. HP: 59/68 MP: 9/9
  6217 | D:7      | Reached skill level 6 in Unarmed Combat
  6559 | D:6      | Reached skill level 5 in Shapeshifting
  6824 | D:7      | Reached skill level 5 in Dodging
  7063 | D:7      | Noticed Joseph
  7078 | D:7      | Killed Joseph
  7126 | D:7      | Noticed Menkaure
  7130 | D:7      | Killed Menkaure
  7131 | D:7      | Reached skill level 7 in Unarmed Combat
  7407 | D:7      | Found Xeve Jyr's Tremendous Tomes.
  7454 | D:7      | Found a bloodstained altar of Trog.
  7518 | D:7      | Noticed Maurice
  7523 | D:7      | Paralysed by Maurice for 4 turns
  7527 | D:7      | Something stole a ring of positive energy
  7530 | D:7      | Something stole a storm talisman
  7531 | D:7      | Something stole an orb of light
  7531 | D:7      | HP: 3/69 [something (7)]
  7535 | D:7      | Maurice stole 304 gold
  7538 | D:7      | Killed Maurice
  7539 | D:7      | Reached XP level 10. HP: 14/76 MP: 1/10
  8036 | D:7      | Found a radiant altar of Vehumet.
  8036 | D:7      | Found an ancient bone altar of Kikubaaqudgha.
  8037 | D:7      | Found a shimmering blue altar of Sif Muna.
  8047 | D:7      | Got Vehumet's Notes on Blows
  8160 | D:8      | Noticed a gargoyle
  8166 | D:8      | Killed a gargoyle
  8265 | D:8      | Found a sacrificial altar of Ru.
  8276 | D:8      | Became a worshipper of Ru the Awakened
  8281 | D:8      | Noticed a two-headed ogre
  8289 | D:8      | HP: 3/76 [two-headed ogre/+0 giant club (15)]
  8292 | D:8      | Killed a two-headed ogre
  8445 | D:8      | Gained mutation: Your casting is slightly disrupted. [Ru
                  | sacrifice]
  8675 | D:8      | Killed from afar by a raiju

Illustrated notes

Levels and vault maps discovered:
D:1:      orjb1_lava_funnel, layout_basic, kennysheep_pointless_box
D:2:      layout_loops_ring, ebering_ecumenical_altar_petrified, serial_shops,
          nicolae_shop_tiny_statue_garden, minmay_between, uniq_natasha
D:3:      layout_loops_corners, elyvilon_altar_1, nemelex_spade_bored_becter,
          minitemple, minmay_stone_trees_small, kennysheep_generic_room_4,
          uniq_grinder
D:4:      layout_gridville, old_standard_altar, reono_crystal_passage,
          nicolae_wooded_promenade, minivault_5
D:5:      layout_loops_ring, kennysheep_little_box,
          mainiacjoe_overflow_concentric_impassable, glass_columns_a,
          minmay_misc_feat_enclosed, minmay_lizard_king
D:6:      minmay_skewed_foursquare, layout_loops_ring,
          minmay_temple_entry_crystal_x, serial_shops, nicolae_shop_trees,
          nicolae_lava_and_water, minmay_fractal_squares_diagonal_5
D:7:      layout_basic, grunt_temple_overflow_magic_moments,
          nicolae_overflow_hidden_temple, nicolae_shop_i_like_big_books,
          uniq_menkaure, uniq_joseph, uniq_maurice
D:8:      layout_cave_pools, nicolae_ru_awakened_eye, grunt_dithmenos_smoke,
          nicolae_have_a_lightning_rod
Temple:   nicolae_temple_ecumenical_triangle

Skill      XL: |  1  2  3  4  5  6  7  8  9 10 |
---------------+-------------------------------+-----
Evocations     | 1 2 3 4 5 6 |  6.9
Unarmed Combat | 3 4 5 7 |  7.8
Shapeshifting  | 1 2 3 4 5 6 |  6.6
Dodging        | 3 4 5 6 |  6.7
Fighting       | 4 5 6 |  6.5

Action                     |  1- 3 |  4- 6 |  7- 9 | 10-12 || total
---------------------------+-------+-------+-------+-------++-------
  Melee: Unarmed           |    80 |    75 |       |     8 ||   163
         Punch             |       |     3 |    13 |     2 ||    18
         Spear             |       |    47 |     3 |       ||    50
         Hand axe          |       |       |   222 |    28 ||   250
         Headbutt          |       |       |    48 |     5 ||    53
 Invoke: Sacrifice Essence |       |       |       |     1 ||     1
  Evoke: Wand              |       |       |     3 |     3 ||     6
    Use: Scroll            |     3 |     4 |     4 |     1 ||    12
         Potion            |       |     4 |     7 |     1 ||    12
   Stab: Sleeping          |       |     4 |     4 |       ||     8
 Armour: Robe              |    36 |    40 |    72 |       ||   148
         Steam dragon scal |       |       |    79 |    43 ||   122
  Dodge: Dodged            |    38 |    50 |   244 |    46 ||   378
         Form:             |     1 |       |       |       ||     1
         Storm             |     1 |       |       |       ||     1
